 Dungeon Crawl Stone Soup version 0.28-a0-653-g7e9dba17c3 (webtiles) character file.

Game seed: 12411490063731359056

2 mordus the Chopper (level 1, 0/19 HPs)
             Began as a Hill Orc Monk on Oct 11, 2021.
             Slain by a kobold (2 damage)
             ... on level 1 of the Dungeon.
             The game lasted 00:00:16 (65 turns).

mordus the Chopper (Hill Orc Monk)                    Turns: 65, Time: 00:00:17

Health: 0/19       AC:  3    Str: 13    XL:     1   Next: 40%
Magic:  1/1        EV: 12    Int: 10    God:
Gold:   14         SH:  0    Dex: 13    Spells: 0/0 levels left

rFire   . . .      SeeInvis .   a - +0 hand axe
rCold   . . .      Faith    .   (no shield)
rNeg    . . .      Spirit   .   b - +0 robe
rPois   .          Reflect  .   (no helmet)
rElec   .          Harm     .   e - +0 cloak
rCorr   .          Rampage  .   (no gloves)
Will    .....                   (no boots)
Stlth   ++........              (no amulet)
HPRegen 0.06/turn               (no ring)
MPRegen 0.07/turn               (no ring)

@: no status effects
A: no striking features
a: no special abilities


You were on level 1 of the Dungeon.
You visited 1 branch of the dungeon, and saw 1 of its levels.

You collected 14 gold pieces.

Inventory:

Hand Weapons
 a - a +0 hand axe (weapon)
Armour
 b - a +0 robe (worn)
 e - a +0 cloak (worn)
Scrolls
 c - a scroll of identify {unknown}
 f - a scroll of fog {unknown}
Potions
 d - a potion of cancellation {unknown}


   Skills:
 - Level 3.6 Fighting
 * Level 4.2 Axes
 + Level 0.2 Armour
 - Level 2.4 Dodging
 - Level 1.5 Stealth


You couldn't memorise any spells.
You didn't know any spells.
Your spell library was empty.

Dungeon Overview and Level Annotations

Branches:
Dungeon (1/15)

Altars:


Message History

You finish putting on your +0 cloak.
The kobold shouts!
The endoplasm quivers.
You hear an angry hiss.
The endoplasm freezes you.
You are frozen.
You hit the endoplasm.
The endoplasm is moderately wounded.
The endoplasm barely misses you.
You hit the endoplasm.
The endoplasm is heavily wounded.
The endoplasm hits you but does no damage.
You hit the endoplasm.
The endoplasm is almost dead.
The endoplasm freezes you.
You are frozen.
You hit the endoplasm.
You kill the endoplasm!
The kobold shouts!
The kobold hits you with a +0 whip. The kobold hits you but does no damage.
You miss the kobold. The kobold hits you but does no damage.
You hit the kobold.
You kill the kobold!
A frilled lizard comes into view.
The kobold misses you.
There is a stone staircase leading down here.
Things that are here:
a +0 whip; 2 stones; a kobold corpse You closely miss the kobold.
The frilled lizard hisses angrily.
The kobold barely misses you. The kobold hits you with a +0 whip.
You closely miss the kobold. The kobold closely misses you.
You closely miss the kobold. The kobold barely misses you.
You closely miss the kobold. The kobold hits you with a +0 whip.
* * * LOW HITPOINT WARNING * * *
You closely miss the kobold. You hit the frilled lizard.
You kill the frilled lizard!
The kobold hits you with a +0 whip.
You die...

#...... .. #...... #.####
#.....###.....##........
##...#.....#............J
#...###...###..#........#
#....#..#..#.............
#......†#................
#......@K# #.#........#
#.......####..#.........
...#...##.....##.#..#....
.#...##......##..........
...##....#...............
.##...##.................
...................###..
...##.............#####.
.!...........#.......# .


You could see a kobold.

Vanquished Creatures
  An endoplasm (D:1)
  A frilled lizard (D:1)
  A kobold (D:1)
  A rat (D:1)
4 creatures vanquished.

Notes
Turn   | Place    | Note
-------+----------+-------------------------------------------
     0 | D:1      | mordus the Hill Orc Monk began the quest for the Orb.
     0 | D:1      | Reached XP level 1. HP: 19/19 MP: 1/1
    65 | D:1      | Slain by a kobold

Illustrated notes

Levels and vault maps discovered:
D:1:      dpeg_arrival_erosion, layout_rooms, hangedman_decor_peaks_small,
          minmay_strange_pillars

Action                   || total
-------------------------++-------
Melee: Hand axe          ||    13
Armor: Robe              ||     4
Dodge: Dodged            ||     5

Table legend: (Time is in decaauts)
 A = Elapsed time spent in this place.
 B = Non-inter-level travel time spent in this place.
 C = Inter-level travel time spent in this place.
 D = Time resting spent in this place.
 E = Time spent auto-exploring this place.
 F = Levels seen in this place.
 G = Mean time per level.
                   A        B        C        D        E       F      G
               +--------+--------+--------+--------+--------+-----+--------+
         Total |     66 |     66 |      0 |      0 |     20 |   1 |   66.0 |
       Dungeon |     66 |     66 |      0 |      0 |     20 |   1 |   66.0 |
               +--------+--------+--------+--------+--------+-----+--------+

Top non-repeatable levels by time:
     D:1: 66 daAuts
